AoeStats
← Emperor2698

Arabian Desert

509773719Analyzed
1v1 RM · 5d ago on Sep 28, 2026· 27m 6s· 2 players
Game mode
Random Map
Map size
Tiny (2 player)
Population
200
Speed
Normal
Resources
Standard
Victory
Conquest
Starting age
Dark Age
Ending age
Imperial Age
RankedLock teamsTeams togetherTeam positionsShared explorationLock speedFull tech treeHidden civsTurbo modeCheats
Victory
Defeat
🇮🇳 Danes · India
1322
+16
🇧🇷 Danes · Brazil
1331
-16
Emperor2698
5:55 Loom
8:48 Feudal Age
9:22 Man-at-Arms
11:58 Arson
20:43 Forging
20:24 Fletching
25:03 Castle Age
22:59 Double-Bit Axe
22:56 Horse Collar
23:32 Padded Archer Armor
24:31 Scale Mail Armor
25:40 Gambesons
25:59 Squires
26:39 Chain Mail Armor
26:59 Iron Casting
Fs.Ricfuria
7:32 Loom
9:51 Feudal Age
10:06 Man-at-Arms
15:50 Fletching
19:34 Double-Bit Axe
28:27 Castle Age
Connection lost

Rejoining the realm…

Still unreachable

The connection could not be restored.

Session expired

The server has moved on; the page needs a fresh start.